 Dungeon Crawl Stone Soup version 0.29-a0-617-g7a6b98fccd (webtiles) character file.

Game seed: 4573862227293237549

47385 dolemite99 the Spear-Bearer (level 14, 0/111 HPs)
             Began as a Demonspawn Abyssal Knight on June 18, 2022.
             Was a High Priest of Lugonu.
             Succumbed to a hornet's poison
             ... while paralysed by a hornet
             ... on level 6 of the Lair of Beasts.
             The game lasted 00:26:14 (23040 turns).

dolemite99 the Spear-Bearer (DsAK)                 Turns: 23040, Time: 00:26:15

Health: 0/111      AC: 24    Str: 24    XL:     14   Next: 8%
Magic:  15/22      EV:  2    Int: 12    God:    Lugonu [*****.]
Gold:   796        SH:  0    Dex: 14    Spells: 13/13 levels left

rFire   . . .      SeeInvis .   a - +7 trident (spect)
rCold   + . .      Faith    +   (no shield)
rNeg    . . .      Spirit   .   M - +2 chain mail {rC+}
rPois   .          Reflect  .   (helmet unavailable)
rElec   .          Harm     .   u - +2 cloak
rCorr   .          Rampage  .   V - +0 pair of gloves
Will    +....                   (no boots)
Stlth   ..........              p - amulet of faith
HPRegen 0.28/turn               f - +6 ring of strength
MPRegen 0.18/turn               w - +4 ring of protection {=R}

@: paralysed, lethally poisoned (0 -> -2), slowed
A: horns 3, demonic guardian 1, spiny 1, sharp scales 3, bedeviling
a: Renounce Religion, Depart the Abyss, Bend Space, Banish, Corrupt, Enter the
Abyss


You were on level 6 of the Lair of Beasts.
You worshipped Lugonu.
Lugonu was extremely pleased with you.
You visited 2 branches of the dungeon, and saw 16 of its levels.
You visited the Abyss 1 time.
You also visited: Volcano.

You collected 1261 gold pieces.
You spent 465 gold pieces at shops.

Inventory:

Hand Weapons
 a - a +7 spectral trident (weapon)
 k - a +5 arbalest of flaming
 l - a +1 spear of chaos
 A - a +3 trident
 F - the +3 hunting sling of Ambiguity {flame, Dex+2}
   (You found it on level 7 of the Dungeon)

   Any ammunition fired from it burns those it strikes, dealing additional fire
   damage.
   Dex:       It affects your dexterity (+2).
 I - a +0 glaive
 X - a +2 broad axe of flaming
 Y - a +2 broad axe of flaming
 Z - a +4 shortbow of flaming
Missiles
 d - 10 poisoned darts
 e - 6 javelins
 D - 6 datura-tipped darts
 K - 2 throwing nets
 T - 5 boomerangs
Armour
 j - a +0 kite shield
 u - a +2 cloak (worn)
 M - a +2 chain mail of cold resistance (worn)
 V - a +0 pair of gloves (worn)
 W - a +1 chain mail of fire resistance
Jewellery
 f - a +6 ring of strength (left hand)
 p - an amulet of faith (around neck)
 w - a +4 ring of protection (right hand) {=R}
 z - an amulet of regeneration
 H - a ring of fire
Wands
 c - a wand of mindburst (6)
 i - a wand of charming (13)
 s - a wand of flame (47)
 v - a wand of iceblast (23)
 C - a wand of quicksilver (2)
 L - a wand of polymorph (8)
Scrolls
 b - a scroll of fear
 h - 4 scrolls of magic mapping
 n - 3 scrolls of blinking
 y - 5 scrolls of teleportation
 P - 4 scrolls of vulnerability
 Q - a scroll of enchant armour
 R - 9 scrolls of identify {@r1}
 U - a scroll of fog
Potions
 g - 3 potions of attraction
 m - 6 potions of curing
 o - 4 potions of haste
 q - 2 potions of berserk rage
 r - 2 potions of ambrosia
 t - 4 potions of lignification
 x - 10 potions of heal wounds
 B - 2 potions of might
 E - 3 potions of mutation
 G - 6 potions of flight
 J - 2 potions of cancellation
 N - 2 potions of brilliance
 O - a potion of magic
Miscellaneous
 S - a lightning rod (4/4)


   Skills:
 + Level 10.9 Fighting
 - Level 14.0 Polearms
 + Level 5.2 Throwing
 + Level 8.2 Armour
 - Level 0.8 Dodging
 - Level 11.7 Invocations
 - Level 10.2 Evocations


You had 13 spell levels left.
You didn't know any spells.
Your spell library contained the following spells:

 Spells                   Type           Power      Damage    Failure   Level
 Blink                    Tloc           0%         N/A       96%         2
 Gell's Gravitas          Tloc           0%         N/A       99%         3
 Lesser Beckoning         Tloc           0%         N/A       99%         3
 Ozocubu's Armour         Ice            0%         N/A       99%         3
 Teleport Other           Tloc           0%         N/A       99%         3
 Manifold Assault         Tloc           0%         N/A       100%        5
 Metabolic Englaciation   Hex/Ice        0%         N/A       100%        5
 Simulacrum               Ice/Necr       0%         N/A       100%        6
 Storm Form               Tmut/Air       0%         N/A       100%        7


Dungeon Overview and Level Annotations

Branches:
Dungeon (10/15)            Temple (0/1) D:5            Lair (6/6) D:10
 Shoals (0/4) Lair:4        Snake (0/4) Lair:2        Slime (0/5) Lair:6
    Orc (0/2) D:10        Volcano (visited)

Altars:
Elyvilon
Gozag
Hepliaklqana
Kikubaaqudgha
Makhleb
Nemelex Xobeh
Okawaru
Wu Jian
The Shining One

Shops:
D:1 !?![(   D:2 =   D:4 *   D:7 :

Annotations:
D:3 Sigmund
D:9 corrupted
Lair:3 corrupted
Lair:6 corrupted, 1 runed translucent door
Abyss:1 Joseph, Pikel, Sonja


Innate Abilities, Weirdness & Mutations

You have a pair of large horns on your head.
A weak demonic guardian rushes to your aid.
You are partially covered in sharp spines.
You are completely covered in razor-sharp scales. (AC +3, Slay +3)
Your hexes are more powerful.


Message History

The lindwurm claws you but does no damage. x2
The hornet stings you!
You feel as though you will be slow longer.
You are too injured to fight recklessly!
You are too injured to fight recklessly!
Unknown command.
Press: ? - help, Shift-Dir - straight line, f - lindwurm
Aim: a lindwurm (lightly wounded, chance to affect: 74%)
The lindwurm struggles to resist.
You feel sick. The hornet is struck by your spines.
The hornet closely misses you. The lindwurm breathes flames at you.
The blast of flame hits you!!!
* * * LOW HITPOINT WARNING * * *
A demonic guardian appears!
The hornet closely misses you. The hornet is struck by your spines.
The hornet stings you but does no damage.
The lindwurm is struck by your spines. The lindwurm bites you.
* * * LOW HITPOINT WARNING * * *
The lindwurm closely misses you.
The lindwurm claws you but does no damage.
You feel sick. The hornet barely misses you.
The hornet is struck by your spines.
The hornet stings you but does no damage.
Press: ? - help, Shift-Dir - straight line, f/p - lindwurm
Aim: a lindwurm (lightly wounded, chance to affect: 74%)
The hornet is devoured by a tear in reality.
Lugonu claims a new guest.
You feel sick.
The hornet stings you but does no damage.
The hornet stings you.
* * * LOW HITPOINT WARNING * * *
You feel as though you will be slow longer.
Your quasit bites the lindwurm.
Your quasit claws the lindwurm.
Your quasit barely misses the lindwurm.
The hornet is struck by your spines. The hornet stings you!
* * * LOW HITPOINT WARNING * * *
You suddenly lose the ability to move!
The lindwurm bites you but does no damage.
The lindwurm claws you but does no damage. x2
You die...

...(## ##...#.# # ..PPP#
##.P...## .# ##.#..P#
##..##### ... #.#.†.# #....#
#...####...# ###..##
#.....!..#### ##..#
######......w#.## #...####
##...##.#.P.yk§#.## ###...#+
#.....##.##.§@5.#.# ##..P#
##....### ###.....### ###⌠†.
#..### ####..#.....## ##....#
#..†.###P....##.....###....##
##..........#####........###
###....##### ####.P.###
###### #####


You could see a torpor snail, a lindwurm, a hornet (ally target) and a friendly
quasit (summoned, slow).

Vanquished Creatures
  Gastronok (Lair:1)
  2 hydras (Lair:4)
  Erica (Lair:2)
  2 catoblepae
  Urug (Lair:2)
  8 elephants
  3 black mambas
  3 torpor snails (Lair:6)
  2 rime drakes (Lair:3)
  9 cane toads
  2 yaktaurs (Volcano)
  2 komodo dragons
  A merfolk (Lair:4)
  11 polar bears
  2 tyrant leeches (Lair:6)
  A troll (D:10)
  7 dream sheep (Lair:6)
  6 hornets
  25 blink frogs
  A raiju (Lair:6)
  A shadow (D:10)
  32 yaks
  A wraith (D:10)
  3 wyverns
  2 humans (D:9)
  4 basilisks
  4 wargs (Lair:6)
  Menkaure (D:7)
  16 hell hounds (Lair:6)
  12 water moccasins
  3 sky beasts
  13 black bears
  24 wolves
  An ogre (D:6)
  5 centaurs
  2 phantoms
  Blork the orc (D:4)
  12 bullfrogs
  4 scorpions
  A gnoll sergeant (D:5)
  A necrophage (D:5)
  19 wights
  18 killer bees
  3 howler monkeys
  An electric eel (Lair:4)
  5 hounds
  A jelly (D:8)
  An orc priest (D:5)
  4 iguanas
  4 orc wizards
  2 hell rats (Lair:1)
  7 gnolls (D:5)
  6 adders
  10 river rats (Lair:1)
  4 white imps
  2 worms (D:2)
  4 dart slugs
  12 orcs
  2 bats (D:2)
  9 endoplasms
  4 giant cockroaches
  8 goblins
  13 hobgoblins
  4 jackals (D:5)
  6 kobolds
  3 quokkas (D:1)
  5 ball pythons
  5 frilled lizards
  8 rats
  A plant (Lair:6)
404 creatures vanquished.

Vanquished Creatures (collateral kills)
  An elephant (Lair:6)
  2 yaks (D:10)
3 creatures vanquished.

Vanquished Creatures (others)
  Rupert (Lair:3)
  2 hydras
  2 black mambas (Lair:6)
  4 cane toads
  A komodo dragon (Lair:6)
  A rime drake (Lair:6)
  4 blink frogs (Lair:6)
  24 yaks
  3 water moccasins (Lair:6)
  A wolf (Lair:6)
  A centaur (D:9)
  An electric eel (Lair:6)
  33 fungi
  56 plants
  9 starspawn tentacles
143 creatures vanquished.

Grand Total: 550 creatures vanquished

Notes
Turn   | Place    | Note
-------+----------+-------------------------------------------
     0 | Abyss:1  | dolemite99 the Demonspawn Abyssal Knight began the quest
                  | for the Orb.
     0 | Abyss:1  | Reached XP level 1. HP: 18/18 MP: 2/2
    32 | D:1      | Escaped the Abyss
    74 | D:1      | Reached skill level 2 in Polearms
    76 | D:1      | Reached ** piety under Lugonu
   339 | D:1      | Gained mutation: You are partially covered in razor-sharp
                  | scales. (AC +1, Slay +1) [demonic ancestry]
   339 | D:1      | Reached XP level 2. HP: 24/24 MP: 3/3
   372 | D:1      | Found Zuinytu's Distillery.
   525 | D:1      | Found Ulohur's Magic Scroll Shoppe.
   534 | D:1      | Bought a scroll of identify for 28 gold pieces
   699 | D:1      | Reached skill level 3 in Polearms
   722 | D:1      | Found Peivuas's Distillery.
   884 | D:1      | Found Boplomut's Antique Armour Boutique.
   919 | D:1      | Found Seojuil's Antique Weapon Emporium.
  1063 | D:1      | Gained mutation: You have a pair of small horns on your
                  | head. [demonic ancestry]
  1063 | D:1      | Reached XP level 3. HP: 29/29 MP: 4/4
  1272 | D:2      | Found Dent's Jewellery Shop.
  1756 | D:2      | Noticed an eye of devastation
  1760 | D:2      | Found a faded altar of an unknown god.
  1761 | D:2      | Noticed a great orb of eyes
  1761 | D:2      | Noticed an eye of devastation
  1761 | D:2      | Noticed a golden eye
  1830 | D:2      | Reached skill level 4 in Polearms
  1830 | D:2      | Reached XP level 4. HP: 32/35 MP: 5/5
  1883 | D:2      | Reached *** piety under Lugonu
  2427 | D:3      | Noticed Sigmund
  2721 | D:4      | Noticed Blork the orc
  2733 | D:4      | Killed Blork the orc
  2734 | D:4      | Reached skill level 5 in Polearms
  2734 | D:4      | Gained mutation: You have a pair of horns on your head.
                  | [demonic ancestry]
  2734 | D:4      | Reached XP level 5. HP: 32/41 MP: 6/6
  2864 | D:4      | Found an opulent altar of Gozag.
  3070 | D:4      | Found Mepib's Assorted Antiques.
  3165 | D:4      | Noticed a sky beast
  3184 | D:4      | Killed a sky beast
  3185 | D:4      | Gained mutation: You have a pair of large horns on your
                  | head. [demonic ancestry]
  3185 | D:4      | Reached XP level 6. HP: 34/47 MP: 7/7
  3656 | D:4      | Bought a scroll of teleportation for 72 gold pieces
  3657 | D:4      | Bought a glowing garnet amulet for 120 gold pieces
  3934 | D:5      | Entered Level 5 of the Dungeon
  3936 | D:5      | Found a staircase to the Ecumenical Temple.
  3978 | D:5      | Reached skill level 6 in Polearms
  4184 | D:5      | Noticed a yak
  4191 | D:5      | Noticed a yak
  4196 | D:5      | Noticed a yak
  4210 | D:5      | Killed a yak
  4211 | D:5      | Reached skill level 7 in Polearms
  4211 | D:5      | Reached XP level 7. HP: 31/52 MP: 8/8
  4362 | D:5      | Killed a yak
  4376 | D:5      | Noticed a yak
  4800 | D:5      | Reached skill level 8 in Polearms
  5019 | D:5      | Reached **** piety under Lugonu
  5191 | D:5      | Gained mutation: A weak demonic guardian rushes to your
                  | aid. [demonic ancestry]
  5191 | D:5      | Reached XP level 8. HP: 58/58 MP: 8/10
  5398 | D:5      | Reached skill level 5 in Invocations
  6384 | D:6      | Reached skill level 10 in Invocations
  6384 | D:6      | Gained mutation: You are mostly covered in razor-sharp
                  | scales. (AC +2, Slay +2) [demonic ancestry]
  6384 | D:6      | Reached XP level 9. HP: 62/63 MP: 16/16
  6430 | D:6      | Found an ornate altar of the Wu Jian Council.
  6558 | D:6      | Found an ancient bone altar of Kikubaaqudgha.
  6752 | D:1      | Bought 2 potions of heal wounds for 140 gold pieces
  6903 | D:7      | Noticed Pikel
  7111 | D:6      | Banished Pikel
  7440 | D:7      | Noticed Menkaure
  7441 | D:7      | Identified the +3 hunting sling of Ambiguity {flame, Dex+2}
  7449 | D:7      | Killed Menkaure
  7692 | D:6      | Reached skill level 9 in Polearms
  8845 | D:7      | Noticed Joseph
  8846 | D:7      | Banished Joseph
  8934 | D:7      | Found Oloacoll's Book Boutique.
  8986 | D:7      | Reached skill level 10 in Polearms
  9196 | D:7      | Found a sparkling altar of Nemelex Xobeh.
  9248 | D:7      | Gained mutation: You are completely covered in razor-sharp
                  | scales. (AC +3, Slay +3) [demonic ancestry]
  9248 | D:7      | Reached XP level 10. HP: 54/70 MP: 18/18
 10050 | D:1      | Bought a scroll of blinking for 105 gold pieces
 10478 | D:8      | Noticed a two-headed ogre
 10480 | D:8      | Banished a two-headed ogre
 10481 | D:8      | Reached skill level 11 in Polearms
 10570 | D:8      | Noticed a two-headed ogre
 10585 | D:8      | Banished a two-headed ogre
 10897 | D:8      | Reached skill level 12 in Polearms
 11039 | D:8      | Found a burning altar of Makhleb.
 11623 | D:9      | Found an iron altar of Okawaru.
 12044 | D:9      | Reached skill level 5 in Armour
 12211 | D:9      | Corrupted D:9
 12211 | D:9      | Noticed a white very ugly thing
 12211 | D:9      | Noticed a great orb of eyes
 12211 | D:9      | Noticed a tentacled starspawn
 12211 | D:9      | Noticed a tentacled starspawn
 12211 | D:9      | Noticed a glowing orange brain
 12211 | D:9      | Noticed a starcursed mass
 12211 | D:9      | Noticed a large abomination
 12211 | D:9      | Noticed a large abomination
 12211 | D:9      | Noticed a worldbinder
 12211 | D:9      | Noticed a great orb of eyes
 12211 | D:9      | Noticed a thrashing horror
 12212 | D:9      | Noticed a thrashing horror
 12212 | D:9      | Noticed a worldbinder
 12214 | D:9      | Noticed a worldbinder
 12216 | D:9      | Noticed a Hell Sentinel
 12222 | D:9      | Noticed a black mamba
 12225 | D:9      | Noticed a red draconian scorcher
 12230 | D:9      | Noticed a deep elf sorcerer
 12233 | D:9      | Noticed a deep elf elementalist
 12234 | D:9      | Noticed a thrashing horror
 12239 | D:9      | Noticed an eye of devastation
 12240 | D:9      | Noticed a tentacled starspawn
 12271 | D:9      | Noticed a rakshasa
 12627 | D:10     | Entered Level 10 of the Dungeon
 13164 | D:10     | Reached XP level 11. HP: 62/76 MP: 19/19
 13331 | D:10     | Found a staircase to the Orcish Mines.
 13535 | D:9      | Reached skill level 5 in Fighting
 13998 | D:10     | Found a hazy altar of Hepliaklqana.
 14342 | D:10     | Found a staircase to the Lair.
 14524 | Lair:1   | Entered Level 1 of the Lair of Beasts
 14544 | Lair:1   | Noticed Gastronok
 14546 | Lair:1   | Noticed a five-headed hydra
 14551 | Lair:1   | Banished a five-headed hydra
 14554 | Lair:1   | Killed Gastronok
 15579 | Lair:1   | Reached skill level 13 in Polearms
 15892 | Lair:2   | Reached XP level 12. HP: 94/94 MP: 20/20
 16011 | Lair:2   | Found a staircase to the Snake Pit.
 16070 | Lair:2   | Noticed Erica
 16072 | Lair:2   | Noticed Urug
 16077 | Lair:2   | Killed Erica
 16080 | Lair:2   | Killed Urug
 16162 | Lair:2   | Reached skill level 14 in Polearms
 16291 | Lair:2   | Reached skill level 1 in Evocations
 16770 | Lair:3   | Reached ***** piety under Lugonu
 16881 | Lair:3   | Noticed an eight-headed hydra
 16885 | Lair:3   | Noticed Rupert
 16886 | Lair:3   | Corrupted Lair:3
 16887 | Lair:3   | Noticed a tentacled starspawn
 16890 | Lair:3   | Killed an eight-headed hydra
 16892 | Lair:3   | Reached skill level 5 in Evocations
 16911 | Lair:3   | Killed Rupert
 17935 | Lair:4   | Noticed an eight-headed hydra
 17941 | Lair:4   | Killed an eight-headed hydra
 18138 | Lair:4   | Found a staircase to the Shoals.
 18252 | Lair:4   | Noticed a six-headed hydra
 18258 | Lair:4   | Killed a six-headed hydra
 18574 | Lair:4   | Gained mutation: You are partially covered in sharp spines.
                  | [demonic ancestry]
 18574 | Lair:4   | Reached XP level 13. HP: 101/101 MP: 21/21
 19620 | Lair:6   | Entered Level 6 of the Lair of Beasts
 19624 | Lair:6   | Corrupted Lair:6
 19624 | Lair:6   | Noticed a tentacled starspawn
 19624 | Lair:6   | Noticed a tentacled starspawn
 19624 | Lair:6   | Noticed a starcursed mass
 19646 | Lair:6   | Noticed a starcursed mass
 19661 | Lair:6   | Noticed Sonja
 19663 | Lair:6   | Noticed Sonja
 19663 | Lair:6   | Sonja changed into Sonja the human
 19670 | Lair:6   | Banished Sonja the human
 19689 | Lair:6   | Noticed a starcursed mass
 19920 | Lair:6   | Found a dark tunnel.
 19943 | Volcano  | Entered a volcano
 20003 | Volcano  | Found a bloodstained altar of Trog.
 20005 | Volcano  | Noticed a red draconian
 20197 | Volcano  | Banished a red draconian
 20387 | Lair:6   | Reached skill level 10 in Fighting
 20656 | Lair:6   | Found a staircase to the Slime Pits.
 20841 | Lair:6   | Reached skill level 10 in Evocations
 21666 | Lair:6   | Reached skill level 1 in Throwing
 22712 | Lair:6   | Found a runed translucent door.
 22713 | Lair:6   | Noticed a fire dragon
 22719 | Lair:6   | Reached skill level 5 in Throwing
 22719 | Lair:6   | Gained mutation: Your hexes are more powerful. [demonic
                  | ancestry]
 22719 | Lair:6   | Reached XP level 14. HP: 102/111 MP: 22/22
 23039 | Lair:6   | HP: 1/111 [hornet (11)]
 23039 | Lair:6   | Paralysed by a hornet for 3 turns
 23040 | Lair:6   | Succumbed to a hornet's poison

Illustrated notes

Levels and vault maps discovered:
D:1:      minmay_arrival_solitary_statue, layout_basic, serial_forest,
          infiniplex_forest_end_2, infiniplex_forest_lined_room_2,
          infiniplex_forest_end_2, infiniplex_forest_end_2,
          infiniplex_forest_end_1, serial_shops, nicolae_shop_hallway_plus,
          shop_fountains, nicolae_shop_trees, nicolae_lakefront_shop,
          shop_scrolls
D:2:      minmay_skewed_foursquare, layout_loops_ring, serial_shops, shop,
          hellmonk_ecumenical_altar_watching_god, minmay_hexomino_u4
D:3:      layout_basic, uniq_sigmund
D:4:      layout_loops_corners, mainiacjoe_overflow_chevrons, serial_shops,
          nicolae_shop_stone, patterned_corridor, uniq_blork_the_orc
D:5:      layout_loops_cross, minmay_temple_entry_waves
D:6:      layout_loops_ring, mainiacjoe_overflow_catch_the_wave,
          mainiacjoe_overflow_boulevard
D:7:      layout_layer_cave, mainiacjoe_overflow_divided_tiny, serial_shops,
          shop, uniq_pikel, uniq_menkaure, uniq_joseph
D:8:      layout_rooms, general_overflow_altar
D:9:      layout_gridville, okawaru_humans
D:10:     layout_loops_ring, kennysheep_little_box, erik_lair_island,
          orc_0_dummy
Lair:1:   layout_roguey, kennysheep_rathole, serial_bayou_shore_a,
          uniq_gastronok
Lair:2:   layout_big_grid, dummy_snake_entry, uniq_erica, uniq_urug
Lair:3:   layout_chaotic_city, gauntlet_entry_generic,
          chequers_serial_rivers_large_b, lemuel_fruit_tree, uniq_rupert
Lair:4:   layout_regular_city, elwin_shoals_entry_rooms
Lair:5:   layout_misc_corridors, dreamdust_mushroom_princess
Lair:6:   wormcave, layout_gridlike, hangedman_lair_caniforms_friends,
          slime_dummy, nicolae_volcano_entry_two_sided, uniq_sonja

Skill      XL: |  1  2  3  4  5  6  7  8  9 10 11 12 13 |
---------------+----------------------------------------+-----
Polearms       | 2 3 4 5 7 8 10 12 13 14 | 14.0
Invocations    | 3 10 11 | 11.7
Armour         | 5 6 8 |  8.2
Fighting       | 8 9 10 | 10.9
Evocations     | 8 10 | 10.2
Throwing       | 5 |  5.2
Dodging        | |  0.8

Action                   |  1- 3 |  4- 6 |  7- 9 | 10-12 | 13-15 || total
-------------------------+-------+-------+-------+-------+-------++-------
Melee: Spear             |   121 |   144 |    29 |       |       ||   294
       Headbutt          |     4 |    25 |    47 |    67 |    63 ||   206
       Punch             |       |     1 |       |     2 |     3 ||     6
       Trident           |       |       |   188 |   372 |   277 ||   837
Invok: Depart the Abyss  |     1 |       |       |       |       ||     1
       Banish            |       |       |     3 |     9 |     9 ||    21
       Corrupt           |       |       |       |     2 |     1 ||     3
       Bend Space        |       |       |       |     1 |     1 ||     2
Evoke: Wand              |       |       |       |     1 |     4 ||     5
       Lightning rod     |       |       |       |       |     4 ||     4
  Use: Scroll            |     8 |     2 |     8 |    15 |     4 ||    37
       Potion            |       |       |       |     3 |     1 ||     4
 Stab: Petrified         |       |     9 |       |       |       ||     9
       Confused          |       |     1 |       |       |       ||     1
       Paralysed         |       |     1 |       |       |       ||     1
       Distracted        |       |       |       |     3 |     3 ||     6
Armor: Leather armour    |     7 |       |       |       |       ||     7
       Scale mail        |    29 |    56 |    19 |       |       ||   104
       Chain mail        |       |       |    54 |   164 |   134 ||   352
Dodge: Dodged            |    48 |    50 |    69 |   103 |    73 ||   343

Table legend: (Time is in decaauts)
 A = Elapsed time spent in this place.
 B = Non-inter-level travel time spent in this place.
 C = Inter-level travel time spent in this place.
 D = Time resting spent in this place.
 E = Time spent auto-exploring this place.
 F = Levels seen in this place.
 G = Mean time per level.
                   A        B        C        D        E       F      G
               +--------+--------+--------+--------+--------+-----+--------+
         Total |  22888 |  21603 |   1285 |   6592 |  10992 |  18 | 1271.6 |
       Dungeon |  14400 |  13248 |   1152 |   4500 |   6361 |  10 | 1440.0 |
          Lair |   8093 |   7960 |    133 |   2059 |   4417 |   6 | 1348.8 |
         Abyss |     33 |     33 |      0 |      0 |     33 |   1 |   33.0 |
       Volcano |    361 |    361 |      0 |     32 |    180 |   1 |  361.0 |
               +--------+--------+--------+--------+--------+-----+--------+

Top non-repeatable levels by time:
  Lair:6: 2989 daAuts
     D:5: 2082 daAuts
     D:7: 1980 daAuts
     D:6: 1878 daAuts
     D:9: 1588 daAuts
     D:1: 1385 daAuts
  Lair:1: 1381 daAuts
    D:10: 1369 daAuts
  Lair:4: 1334 daAuts
     D:4: 1286 daAuts
     D:2: 1178 daAuts
     D:8: 1141 daAuts
  Lair:3: 906 daAuts
  Lair:2: 854 daAuts
  Lair:5: 627 daAuts
